 Dungeon Crawl Stone Soup version 0.22-a0-348-gd16d139 (webtiles) character file.

132596 VLARC the Brawler (level 16, 0/158 HPs)
             Began as a Troll Monk on Apr 8, 2018.
             Was the Champion of Nemelex Xobeh.
             Succumbed to a redback's poison
             ... on level 3 of the Spider Nest on Apr 9, 2018.
             The game lasted 01:14:00 (23846 turns).

VLARC the Brawler (Troll Monk)                     Turns: 23846, Time: 01:14:00

Health: 0/158      AC: 14    Str: 30    XL:     16   Next: 57%
Magic:  18/25      EV: 11    Int: 10    God:    Nemelex Xobeh [******]
Gold:   988        SH: 19    Dex: 29    Spells: 13/15 levels left

rFire    + . .     SeeInvis .     - Unarmed
rCold    + . .     Gourm    +   b - +1 shield
rNeg     + . .     Faith    .   S - quicksilver dragon scales "Waugg" {rPois MR+ Int-5 Dex+9}
rPois    +         Spirit   .   (helmet restricted)
rElec    .         Reflect  +   P - +2 cloak of the Turtledove {rC+ Dex+8}
rCorr    .         Harm     .   (gloves unavailable)
MR       ++...                  (boots unavailable)
Stlth    ++........             N - +4 amulet of reflection
HPRegen  0.76/turn              I - ring of positive energy
MPRegen  0.19/turn              x - ring "Poiruasa" {*Drain rPois rF+ Str+3 Int+8}

@: lethally poisoned (0 -> -14), corroded, very slightly contaminated
A: large, unfitting armour, claws 3, fast metabolism 3, gourmand, regeneration
1, shaggy fur 1, tough skin 2
a: Triple Draw, Deal Four, Stack Five, Renounce Religion


You were on level 3 of the Spider Nest.
You worshipped Nemelex Xobeh.
Nemelex Xobeh was exalted by your worship.
You were not hungry.

You visited 5 branches of the dungeon, and saw 27 of its levels.
You also visited: Labyrinth and Ossuary.

You collected 2484 gold pieces.
You spent 1496 gold pieces at shops.

Inventory:

Missiles
 g - 10 tomahawks (quivered)
 n - 11 large rocks
 p - 3 throwing nets
 H - 21 poisoned javelins
 Q - 4 javelins
Armour
 b - a +1 shield (worn)
 P - the +2 cloak of the Turtledove (worn) {rC+ Dex+8}
   (You bought it in a shop on level 2 of the Orcish Mines)

   It affects your dexterity (+8).
   It protects you from cold.
 S - the quicksilver dragon scales "Waugg" (worn) {rPois MR+ Int-5 Dex+9}
   (You acquired it on level 10 of the Dungeon)

   It affects your intelligence (-5).
   It affects your dexterity (+9).
   It protects you from poison.
   It affects your resistance to hostile enchantments.
Jewellery
 x - the ring "Poiruasa" (right claw) {*Drain rPois rF+ Str+3 Int+8}
   (You bought it in a shop on level 2 of the Orcish Mines)

   [ring of strength]

   It affects your strength (+3).
   It affects your intelligence (+8).
   It protects you from fire.
   It protects you from poison.
   It causes draining when unequipped.
 I - a ring of positive energy (left claw)
 N - a +4 amulet of reflection (around neck)
Scrolls
 i - 14 scrolls of remove curse
 s - 9 scrolls of teleportation
 E - 6 scrolls of fog
 J - 3 scrolls of summoning
 K - 3 scrolls of fear
 M - a scroll of magic mapping
 W - a scroll of identify
Potions
 h - 11 potions of curing
 j - 3 potions of resistance
 k - 5 potions of lignification
 o - 5 potions of mutation
 q - 2 potions of agility
 r - a potion of berserk rage
 u - 3 potions of invisibility
 w - a potion of ambrosia
 z - 5 potions of might
 A - 3 potions of haste
 G - 2 potions of cancellation
 T - 4 potions of flight
Miscellaneous
 c - a phantom mirror
 d - an ornate deck of summoning
 e - a legendary deck of destruction
 l - an ornate deck of destruction
 m - a plain deck of summoning {drawn: 1}
 t - a plain deck of escape {the Tomb, left: 4}
 y - an ornate deck of escape {drawn: 7}
 B - a plain deck of summoning {drawn: 3}
 C - a legendary deck of destruction {drawn: 1}
 D - an ornate deck of summoning
 L - a plain deck of summoning {drawn: 1}
 O - an ornate deck of escape {the Cloud, left: 5}
 R - an ornate deck of summoning {drawn: 4}
 U - a plain deck of destruction {drawn: 1}
 V - a plain deck of destruction
 Y - an ornate deck of destruction {drawn: 2}
 Z - a box of beasts
Comestibles
 f - 64 rations


   Skills:
 * Level 10.2 Fighting
 - Level 7.0 Armour
 - Level 2.4 Dodging
 - Level 1.0 Stealth
 - Level 9.0 Shields
 + Level 18.0 Unarmed Combat
 + Level 14.6 Invocations


You had 13 spell levels left.
You knew the following spells:

 Your Spells              Type           Power        Failure   Level  Hunger
a - Summon Butterflies    Summ           #.......     45%         1    ##.....
b - Animate Skeleton      Necr           N/A          45%         1    ##.....


Dungeon Overview and Level Annotations

Branches:
Dungeon (15/15)            Temple (1/1) D:7            Lair (6/6) D:9
 Shoals (0/4) Lair:2       Spider (3/4) Lair:2        Slime (0/5) Lair:6
    Orc (2/2) D:10            Elf (0/3) Orc:2        Vaults (0/5) D:13
 Depths (0/5) D:15

Altars:
Ashenzari
Cheibriados
Dithmenos
Elyvilon
Fedhas
Gozag
Hepliaklqana
Kikubaaqudgha
Makhleb
Nemelex Xobeh
Okawaru
Qazlal
Ru
Sif Muna
Trog
Uskayaw
Vehumet
Wu Jian
Xom
Yredelemnul
Zin
The Shining One
Beogh

Shops:
D:6 *   D:8 ?   Orc:2 [=[?

Annotations:
Lair:6 exclusion: 2 oklob plants


Innate Abilities, Weirdness & Mutations

You are too large for most types of armour.
You have claws for hands.
Your metabolism is lightning-fast.
You like to eat raw meat.
Your natural rate of healing is unusually fast.
You are covered in fur. (AC +1)
You have very tough skin. (AC +2)


Message History

The redback is engulfed in noxious fumes.
The redback appears confused.
The redback bites the ice devil!
The redback barely misses you.
The orb spider is engulfed in noxious fumes.
The orb spider appears confused.
Your yaktaur is engulfed in noxious fumes.
Your yaktaur evades a web.
Your yaktaur shoots a bolt.
The bolt hits the redback!!
The bolt disappears in a puff of smoke!
Something pounces on your yaktaur! Something barely misses your yaktaur.
The redback is engulfed in noxious fumes.
The redback appears confused.
The redback bites you!
* * * LOW HITPOINT WARNING * * *
Unknown command.
Blink to where?
Press: ? - help, Dir - move target cursor
As you read the scroll of blinking, it crumbles to dust.
You found a web!
You die...
Your body glows with a rainbow of weird colours and disappears.

#..#....s.4§§c....>
≈##.#..§§#####.^##.
.................#
...#...............
####......#^.........^.
#
$...#^[...†#...###..#.
#≈.
..#^.##.≈#.#≈...#.^.
#...#≈.....#..#.....
#.≈.@....#.#....#.#
#≈.##..##..^.....#.# #≈
≈≈≈......§.#.....^..
#≈≈≈.....#.^...##.#.
###≈..#.#...........
##..#.#..(..s.#[#.
#≈≈#....†#.#...#.
###<...#.^...#...
####≈#.....#...


There were no monsters in sight!

Vanquished Creatures
  Saint Roka (Orc:2)
  Rupert (Lair:3)
  Roxanne (D:15)
  An emperor scorpion (Spider:1)
  2 entropy weavers
  The ghost of VLARC the Grappler, a journeyman TrMo of Elyvilon (Lair:4)
  Snorg (D:10)
  A fire dragon (Lair:6)
  Josephine (D:15)
  A great orb of eyes (Lair:6)
  3 ogre magi (D:15)
  4 hydras
  4 vault guards (D:13)
  3 centaur warriors
  A death knight (D:15)
  9 two-headed ogres
  6 death yaks
  2 alligators
  3 orc high priests (Orc:2)
  Sonja (Lair:2)
  2 fire crabs
  4 skeletal warriors (D:13)
  A deep troll (D:15)
  An unseen horror (D:15)
  An unseen horror (shapeshifter) (D:13)
  3 orc knights (Orc:2)
  A harpy (Lair:4)
  Pikel (D:5)
  9 orb spiders
  12 ugly things
  2 manticores
  6 orc sorcerers
  2 deep elf magi
  9 wolf spiders
  3 cyclopes
  4 elephants
  6 black mambas
  A moth of wrath (shapeshifter) (Orc:2)
  2 molten gargoyles (Lair:6)
  Psyche (D:10)
  3 gargoyles
  3 centaur skeletons
  2 torpor snails
  16 spiny frogs
  2 kobold demonologists
  3 rime drakes
  An efreet (D:14)
  3 komodo dragons (Lair:6)
  A yaktaur (D:15)
  2 demonic crawlers
  The ghost of darksquall the Caller, a novice GrSu of Sif Muna (D:5)
  5 trolls
  21 jumping spiders
  A wind drake (Lair:6)
  Grinder (D:4)
  A wind drake (shapeshifter) (D:15)
  Prince Ribbit (D:4)
  4 hornets
  7 blink frogs
  4 slime creatures (D:14)
  A raiju (Spider:1)
  8 hippogriffs
  A spriggan (D:7)
  2 wyverns
  51 redbacks
  A vampire (D:12)
  31 yaks
  2 shadows
  10 tarantellas
  A tarantella (shapeshifter) (D:13)
  8 wraiths
  Grum (D:9)
  A hog (shapeshifter) (D:15)
  6 basilisks
  7 steam dragons
  3 wargs
  8 vampire mosquitoes
  Menkaure (D:7)
  Edmund (D:6)
  4 hell hounds (Lair:6)
  14 water moccasins
  45 orc warriors
  Duvessa (D:4)
  4 porcupines
  3 sky beasts
  2 eyes of draining
  2 black bears
  7 ice beasts
  15 ogres
  3 phantoms
  20 centaurs
  2 boggarts (Orc:2)
  10 wolves
  19 crocodiles
  An elf zombie (Ossuary)
  11 bullfrogs
  4 big kobolds
  A wyvern zombie (D:14)
  Dowan (D:4)
  A water moccasin zombie (D:5)
  2 wyvern skeletons (D:7)
  4 scorpions
  5 killer bees (D:11)
  4 wights (D:10)
  An electric eel (Spider:2)
  4 howler monkeys
  7 crimson imps
  5 lava snakes (Lair:6)
  2 quasits
  A bullfrog zombie (D:12)
  3 centaur zombies
  11 hounds
  36 orc priests
  7 jellies
  21 orc wizards
  A bullfrog skeleton (D:12)
  5 iguanas
  12 worker ants
  Natasha (thrice) (D:2)
  Ijyb (D:3)
  6 hell rats (Lair:3)
  A big kobold zombie (Ossuary)
  2 hound skeletons
  3 mummies (Ossuary)
  A worker ant zombie (D:6)
  Robin (D:3)
  A howler monkey skeleton (D:10)
  11 adders
  4 gnolls
  2 river rats (Lair:4)
  3 shadow imps
  3 oozes
  An adder skeleton (D:9)
  3 adder zombies (Ossuary)
  4 worms
  3 leopard geckos
  94 orcs
  6 giant cockroaches
  6 hobgoblins
  13 jackals
  32 kobolds
  2 quokkas
  2 ball pythons
  5 bats
  2 frilled lizards
  8 goblins
  3 goblin zombies (Ossuary)
  3 hobgoblin zombies (Ossuary)
  6 quokka zombies (Ossuary)
  9 rats
  A rat zombie (Ossuary)
  2 plants (Lair:2)
892 creatures vanquished.

Vanquished Creatures (collateral kills)
  An emperor scorpion (Spider:1)
  5 hydras
  5 death yaks
  A two-headed ogre (D:10)
  A lindwurm (Lair:6)
  An orb spider (Spider:1)
  A wolf spider (Spider:1)
  A moth of wrath (Spider:1)
  Maurice (D:9)
  A black mamba (Lair:6)
  A molten gargoyle (Lair:6)
  A demonic crawler (Spider:1)
  A jumping spider (Spider:1)
  3 blink frogs (Lair:6)
  A redback (Spider:2)
  An orc warrior (D:7)
  A centaur (D:12)
  2 wolves (Lair:5)
  A bullfrog (Lair:5)
  2 orcs
  A jackal skeleton (D:7)
33 creatures vanquished.

Vanquished Creatures (others)
  A minotaur (Lab)
  A redback (Spider:1)
  A tarantella (Spider:1)
  A wyvern (Lair:6)
  An orc warrior (Orc:2)
  A wolf (Lair:5)
  4 centaurs (D:12)
  A howler monkey (D:4)
  A jelly (Lair:4)
  An adder (Lair:4)
  A ball lightning (Orc:2)
  An orc (Orc:2)
  5 fungi
  12 plants (Lair:3)
32 creatures vanquished.

Grand Total: 957 creatures vanquished

Notes
Turn   | Place    | Note
-------+----------+-------------------------------------------
     0 | D:1      | VLARC the Troll Monk began the quest for the Orb.
     0 | D:1      | Reached XP level 1. HP: 22/22 MP: 0/0
   327 | D:1      | Reached XP level 2. HP: 27/29 MP: 1/1
   887 | D:2      | Noticed Natasha
   894 | D:2      | Killed Natasha
   894 | D:2      | Reached XP level 3. HP: 33/37 MP: 2/2
   980 | D:2      | Reached skill level 4 in Unarmed Combat
  1018 | D:2      | Noticed Natasha
  1029 | D:2      | Killed Natasha
  1029 | D:2      | Reached XP level 4. HP: 42/45 MP: 3/3
  1252 | D:2      | Noticed Natasha
  1256 | D:2      | Killed Natasha
  1290 | D:2      | Reached XP level 5. HP: 42/54 MP: 4/4
  1375 | D:3      | Noticed Robin
  1391 | D:3      | Killed Robin
  1864 | D:3      | Noticed Ijyb
  1877 | D:3      | Killed Ijyb
  1877 | D:3      | Reached skill level 5 in Unarmed Combat
  1985 | D:4      | Noticed Grinder
  1991 | D:4      | Found a sand-covered staircase.
  1995 | Ossuary  | Entered an ossuary
  2093 | Ossuary  | Reached XP level 6. HP: 59/62 MP: 5/5
  2252 | D:4      | Killed Grinder
  2252 | D:4      | Reached skill level 5 in Fighting
  2252 | D:4      | Reached skill level 6 in Unarmed Combat
  2252 | D:4      | Reached XP level 7. HP: 48/72 MP: 6/6
  2379 | D:4      | Noticed Dowan
  2380 | D:4      | Noticed Duvessa
  2394 | D:4      | Killed Duvessa
  2398 | D:4      | Killed Dowan
  2638 | D:4      | Reached skill level 7 in Unarmed Combat
  2697 | D:4      | Reached XP level 8. HP: 77/83 MP: 7/7
  2907 | D:5      | Entered Level 5 of the Dungeon
  2971 | D:5      | Noticed Pikel
  2984 | D:5      | Killed Pikel
  2984 | D:5      | Reached skill level 8 in Unarmed Combat
  3198 | D:5      | Noticed Prince Ribbit
  3334 | D:4      | Killed Prince Ribbit
  3433 | D:5      | Reached XP level 9. HP: 93/93 MP: 8/8
  3444 | D:5      | Reached skill level 9 in Unarmed Combat
  3611 | D:5      | Noticed darksquall's ghost (novice GrSu)
  3635 | D:5      | Killed darksquall's ghost
  3849 | D:5      | Found a hazy altar of Hepliaklqana.
  3849 | D:5      | Found an ornate altar of the Wu Jian Council.
  3849 | D:5      | Found a deep blue altar of Sif Muna.
  3849 | D:5      | Found a basalt altar of Yredelemnul.
  3850 | D:5      | Found an opulent altar of Gozag.
  4420 | D:6      | Noticed Edmund
  4434 | D:6      | Killed Edmund
  4434 | D:6      | Reached skill level 10 in Unarmed Combat
  4504 | D:6      | Found Tuegon's Assorted Antiques.
  4738 | D:7      | Reached skill level 1 in Shields
  4760 | D:7      | Noticed Menkaure
  4766 | D:7      | Killed Menkaure
  4780 | D:7      | Found a staircase to the Ecumenical Temple.
  4789 | Temple   | Entered the Ecumenical Temple
  4977 | Temple   | Became a worshipper of Nemelex Xobeh the Trickster
  4977 | Temple   | Received a gift from Nemelex Xobeh
  4977 | Temple   | Reached * piety under Nemelex Xobeh
  4977 | Temple   | Received a gift from Nemelex Xobeh
  4977 | Temple   | Reached ** piety under Nemelex Xobeh
  5153 | D:7      | Found a shattered altar of Ashenzari.
  5213 | D:7      | Reached skill level 1 in Invocations
  5256 | D:7      | Reached XP level 10. HP: 85/106 MP: 9/9
  5376 | D:8      | Received a gift from Nemelex Xobeh
  5480 | D:8      | Identified a scroll of acquirement
  5544 | D:8      | Found a sacrificial altar of Ru.
  5611 | D:8      | Found a white marble altar of Elyvilon.
  5711 | D:8      | Found Ruudd's Magic Scroll Emporium.
  5729 | D:8      | Bought a scroll of blinking for 97 gold pieces
  5729 | D:8      | Bought a scroll of blinking for 97 gold pieces
  5729 | D:8      | Bought a scroll of identify for 26 gold pieces
  5729 | D:8      | Bought a scroll of summoning for 123 gold pieces
  5810 | D:9      | Noticed Grum
  5828 | D:9      | Killed Grum
  5937 | D:9      | Found a staircase to the Lair.
  6031 | D:9      | Noticed Maurice
  6180 | D:9      | Killed Maurice
  6259 | D:9      | Reached skill level 11 in Unarmed Combat
  6277 | D:9      | Received a gift from Nemelex Xobeh
  6291 | D:9      | Reached *** piety under Nemelex Xobeh
  6542 | D:9      | Found a bloodstained altar of Trog.
  6585 | D:9      | Found a roughly hewn altar of Beogh.
  6725 | D:10     | Entered Level 10 of the Dungeon
  6765 | D:10     | Noticed Snorg
  6783 | D:10     | Killed Snorg
  6819 | D:10     | Reached XP level 11. HP: 67/113 MP: 13/13
  6824 | D:10     | Reached skill level 5 in Shields
  6824 | D:10     | Reached skill level 5 in Invocations
  6947 | D:10     | Received a gift from Nemelex Xobeh
  6949 | D:10     | Noticed a two-headed ogre
  6953 | D:10     | Killed a two-headed ogre
  7014 | D:10     | Got faintly humming quicksilver dragon scales
  7025 | D:10     | Identified the quicksilver dragon scales "Waugg" {rPois MR+ Int-5 Dex+9} (You acquired it on level 10 of the Dungeon)
  7236 | D:10     | Found a staircase to the Orcish Mines.
  7441 | D:10     | Noticed Psyche
  7450 | D:10     | Killed Psyche
  7733 | D:11     | Reached skill level 12 in Unarmed Combat
  7765 | D:11     | Found a labyrinth entrance.
  7791 | Lab      | Entered a labyrinth
  7939 | Lab      | Received a gift from Nemelex Xobeh
  7979 | Lab      | Noticed a minotaur
  7994 | Lab      | Killed a minotaur
  8108 | D:11     | Noticed a two-headed ogre
  8121 | D:11     | Killed a two-headed ogre
  8222 | D:11     | Noticed a green ugly thing
  8263 | D:11     | Killed a green ugly thing
  8840 | Lair:1   | Entered Level 1 of the Lair of Beasts
  8860 | Lair:1   | Reached **** piety under Nemelex Xobeh
  9113 | Lair:1   | Reached XP level 12. HP: 122/122 MP: 16/16
  9146 | Lair:1   | Received a gift from Nemelex Xobeh
  9692 | Lair:2   | Found a hole to the Spider Nest.
  9726 | Lair:2   | Received a gift from Nemelex Xobeh
  9791 | Lair:2   | Found a staircase to the Shoals.
  9800 | Lair:2   | Reached skill level 13 in Unarmed Combat
  9852 | Lair:2   | Received a gift from Nemelex Xobeh
 10030 | Lair:2   | Reached ***** piety under Nemelex Xobeh
 10122 | Lair:2   | Noticed Sonja
 10130 | Lair:2   | Killed Sonja
 10138 | Lair:2   | Received a gift from Nemelex Xobeh
 10600 | Lair:3   | Noticed Rupert
 10618 | Lair:3   | Killed Rupert
 10840 | Lair:3   | Received a gift from Nemelex Xobeh
 10863 | Lair:3   | Noticed a six-headed hydra
 10867 | Lair:3   | Noticed an alligator
 10867 | Lair:3   | a six-headed hydra changed into an alligator
 10873 | Lair:3   | Killed an alligator
 11246 | Lair:3   | Noticed a seven-headed hydra
 11269 | Lair:3   | Killed an 11-headed hydra
 11395 | Lair:3   | Noticed a five-headed hydra
 11415 | Lair:3   | Killed a five-headed hydra
 11613 | Lair:4   | Received a gift from Nemelex Xobeh
 11791 | Lair:4   | Noticed VLARC's ghost (journeyman TrMo)
 11819 | Lair:4   | Killed VLARC's ghost
 11819 | Lair:4   | Reached XP level 13. HP: 113/128 MP: 16/18
 12095 | Lair:4   | Received a gift from Nemelex Xobeh
 12134 | Lair:4   | Reached skill level 14 in Unarmed Combat
 12575 | Lair:5   | Received a gift from Nemelex Xobeh
 12809 | Lair:5   | Reached skill level 10 in Invocations
 13021 | Lair:5   | Received a gift from Nemelex Xobeh
 13348 | Lair:6   | Entered Level 6 of the Lair of Beasts
 13468 | Lair:6   | Reached skill level 15 in Unarmed Combat
 13638 | Lair:6   | Found a staircase to the Slime Pits.
 13801 | Lair:6   | Received a gift from Nemelex Xobeh
 13937 | Lair:6   | Reached XP level 14. HP: 124/137 MP: 21/21
 14071 | Lair:6   | Found a large runed door.
 14072 | Lair:6   | Found a large runed door.
 14076 | Lair:6   | Received a gift from Nemelex Xobeh
 14525 | Lair:6   | Received a gift from Nemelex Xobeh
 14621 | Lair:6   | Found a sparkling altar of Nemelex Xobeh.
 15192 | Orc:1    | Entered Level 1 of the Orcish Mines
 15321 | Orc:2    | Entered Level 2 of the Orcish Mines
 15519 | Orc:1    | Received a gift from Nemelex Xobeh
 15727 | Orc:2    | Reached skill level 16 in Unarmed Combat
 15948 | Orc:2    | Found a roughly hewn altar of Beogh.
 16110 | Orc:2    | Reached skill level 1 in Armour
 16138 | Orc:2    | Found Jananiugh's Antique Armour Emporium.
 16166 | Orc:2    | Found Feimp's Jewellery Shoppe.
 16177 | Orc:2    | Bought the ring "Poiruasa" {*Drain rPois rF+ Str+3 Int+8} for 631 gold pieces
 16197 | Orc:2    | Bought a glowing scarf for 256 gold pieces
 16459 | Orc:2    | Identified the +1 robe "Orecuph" {rF+ rC+ MR- Str+3} (You found it on level 2 of the Orcish Mines)
 16896 | Orc:2    | Found a staircase to the Elven Halls.
 16965 | Orc:2    | Noticed Saint Roka
 16986 | Orc:2    | Killed Saint Roka
 16993 | Orc:2    | Found a roughly hewn altar of Beogh.
 17065 | Orc:2    | Found Ifinioph's Antique Armour Shop.
 17156 | Orc:2    | Bought a pitted cloak for 266 gold pieces
 17166 | Orc:2    | Identified the +2 cloak of the Turtledove {rC+ Dex+8} (You bought it in a shop on level 2 of the Orcish Mines)
 17199 | Orc:2    | Found Aneir's Magic Scroll Emporium.
 17253 | Orc:2    | Received a gift from Nemelex Xobeh
 18162 | D:12     | Reached XP level 15. HP: 107/145 MP: 23/23
 18478 | D:13     | Found a gate to the Vaults.
 18620 | D:13     | Received a gift from Nemelex Xobeh
 18684 | D:13     | Learned a level 1 spell: Summon Butterflies
 18686 | D:13     | Learned a level 1 spell: Animate Skeleton
 18838 | D:13     | Reached skill level 5 in Armour
 19075 | D:13     | Received a gift from Nemelex Xobeh
 19137 | D:13     | Found a shimmering altar of Xom.
 19139 | D:13     | Found a blossoming altar of Fedhas.
 19139 | D:13     | Found a hazy altar of Hepliaklqana.
 19142 | D:13     | Found a burning altar of Makhleb.
 19142 | D:13     | Found a basalt altar of Yredelemnul.
 19142 | D:13     | Found a radiant altar of Vehumet.
 19370 | D:14     | Reached skill level 17 in Unarmed Combat
 19413 | D:14     | Reached ****** piety under Nemelex Xobeh
 19972 | D:14     | Received a gift from Nemelex Xobeh
 20075 | D:15     | Entered Level 15 of the Dungeon
 20262 | D:15     | Noticed Josephine
 20267 | D:15     | Killed Josephine
 20740 | D:15     | Noticed Roxanne
 20753 | D:15     | Killed Roxanne
 20754 | D:15     | Received a gift from Nemelex Xobeh
 20754 | D:15     | Identified Roxanne's Catalogue of Transformation (You took it off Roxanne on level 15 of the Dungeon)
 21071 | D:15     | Found a staircase to the Depths.
 21543 | Spider:1 | Entered Level 1 of the Spider Nest
 21655 | Spider:1 | Reached XP level 16. HP: 153/153 MP: 25/25
 22460 | Spider:1 | Received a gift from Nemelex Xobeh
 23177 | Spider:2 | Reached skill level 18 in Unarmed Combat
 23215 | Spider:2 | Reached skill level 10 in Fighting
 23818 | Spider:3 | Received a gift from Nemelex Xobeh
 23845 | Spider:3 | HP: 2/158 [redback (14)]
 23846 | Spider:3 | Succumbed to a redback's poison

Vault maps used:
D:1:      lemuel_arrival_river_bridge
D:2:      uniq_natasha
D:3:      uniq_robin, uniq_ijyb
D:4:      kennysheep_six_static_rooms, enter_ossuary_5, uniq_grinder,
          uniq_duvessa
D:5:      grunt_temple_overflow_open, first_ration, grunt_ministairs_14,
          uniq_prince_ribbit1, uniq_pikel
D:6:      serial_shops, kennysheep_mini_moat, uniq_edmund
D:7:      evilmike_ruin_ashenzari, lemuel_temple_firewalk_a, the_bakery,
          uniq_menkaure
D:8:      nicolae_ru_path_of_blood, serial_shops, shop, basic_altar
D:9:      bloody_trog, dpeg_oklobed_lair, david_defended_altar_orc,
          uniq_maurice, uniq_grum
D:10:     cheibrodos_steamvent, minmay_orc_entry_guard_dogs, uniq_snorg,
          uniq_psyche
D:11:     lab_entry_generic
D:13:     lightli_vaults_fourway_checkpoint, minmay_holes, doesnt_xom_only_xom,
          uniq_josephine
D:14:     grunt_decor_cap
D:15:     hangedman_depths_entry_civil_slaughter,
          roderic_lattice_octagonal_star, nrook_loot_triangle, uniq_roxanne
Temple:   nicolae_temple_great_sept
Lair:2:   minmay_shoals_entry_centaurs, spider_nest_entry_rubble,
          infiniplex_staircase_pool, uniq_sonja
Lair:3:   cheibrodos_lair_overgrown_chateau, lemuel_fruit_tree, uniq_rupert
Lair:4:   special_room
Lair:5:   grunt_megastairs_3, lemuel_fruit_fields
Lair:6:   cheibrodos_lair_end_hotspot, minmay_slime_entry_oklob_enclosed,
          basic_altar
Orc:2:    pubby_orc_utopia
Lab:      labyrinth_mini_lab, labyrinth_glass_1, nicolae_lab_swirl,
          labyrinth_fake_exit, labyrinth_skeletal_remains, nicolae_lab_hexagon
Ossuary:  ossuary_minmay_chase

Skill      XL: |  1  2  3  4  5  6  7  8  9 10 11 12 13 14 15 16 |
---------------+-------------------------------------------------+-----
Fighting       | 3 4 5 6 7 8 10 | 10.2
Unarmed Combat | 4 5 6 7 8 10 11 12 13 15 16 17 18 | 18.0
Shields        | 2 4 7 8 9 |  9.0
Invocations    | 1 4 7 9 11 12 14 | 14.6
Armour         | 4 7 |  7.0
Dodging        | |  2.4
Stealth        | |  1.0

Action                   |  1- 3 |  4- 6 |  7- 9 | 10-12 | 13-15 | 16-18 || total
-------------------------+-------+-------+-------+-------+-------+-------++-------
Melee: Unarmed           |    80 |   165 |   239 |   616 |  1322 |   316 ||  2738
       Punch             |     2 |     5 |     8 |       |       |       ||    15
Throw: Stone             |       |     1 |     4 |     1 |       |       ||     6
       Tomahawk          |       |       |       |       |     2 |     7 ||     9
       Large rock        |       |       |       |       |       |     1 ||     1
Invok: Triple Draw       |       |       |       |     3 |     1 |       ||     4
       Stack Five        |       |       |       |       |     3 |       ||     3
       Deal Four         |       |       |       |       |     2 |     1 ||     3
Evoke: Wand              |       |       |     3 |     5 |     2 |       ||    10
       Deck              |       |       |     1 |    18 |    33 |    13 ||    65
       Lightning rod     |       |       |       |       |     4 |       ||     4
  Use: Scroll            |       |     8 |     7 |    18 |     6 |     5 ||    44
       Potion            |       |       |     3 |     3 |     2 |     1 ||     9
 Stab: Sleeping          |     3 |       |     5 |     2 |     2 |       ||    12
       Paralysed         |       |       |     4 |     2 |       |       ||     6
       Distracted        |       |       |       |     1 |     2 |     2 ||     5
       Petrified         |       |       |       |       |     5 |       ||     5
  Eat: Chunk             |    12 |     8 |    33 |    61 |    84 |    19 ||   217
Armor: Robe              |    28 |    56 |    49 |    23 |       |       ||   156
       Troll leather arm |       |       |       |    32 |       |       ||    32
       Quicksilver drago |       |       |       |   106 |   236 |   167 ||   509
       Steam dragon scal |       |       |       |     5 |       |       ||     5
Dodge: Dodged            |    39 |    69 |    93 |   152 |   242 |   106 ||   701
Block: Shield            |       |       |    14 |   353 |   913 |   352 ||  1632
       Reflection        |       |       |       |    13 |    55 |       ||    68

Table legend:
 A = Spawn XP
 B = Non-spawn XP
 C = Spawn XP percentage of total XP
 D = Spawn monster count
 E = Non-spawn monster count
 F = Spawn count percentage of total count
 G = Total turns spent on level
                    A         B        C        D         E        F      G
               +---------+---------+-------+---------+---------+-------+---------
         Total |       0 |  189424 |   0.0 |       0 |     933 |   0.0 | 23846
               +---------+---------+-------+---------+---------+-------+---------
           D:1 |       0 |      17 |   0.0 |       0 |      12 |   0.0 |   615
           D:2 |       0 |     187 |   0.0 |       0 |      27 |   0.0 |   694
           D:3 |       0 |     116 |   0.0 |       0 |      19 |   0.0 |   655
           D:4 |       0 |    1293 |   0.0 |       0 |      17 |   0.0 |   849
           D:5 |       0 |    1895 |   0.0 |       0 |      30 |   0.0 |   887
           D:6 |       0 |     840 |   0.0 |       0 |      11 |   0.0 |   761
           D:7 |       0 |    1034 |   0.0 |       0 |      14 |   0.0 |   429
           D:8 |       0 |    1027 |   0.0 |       0 |      16 |   0.0 |   618
           D:9 |       0 |    2658 |   0.0 |       0 |      26 |   0.0 |   812
          D:10 |       0 |    4711 |   0.0 |       0 |      37 |   0.0 |  1158
          D:11 |       0 |    4930 |   0.0 |       0 |      36 |   0.0 |   904
          D:12 |       0 |    6606 |   0.0 |       0 |      49 |   0.0 |   668
          D:13 |       0 |   14877 |   0.0 |       0 |      60 |   0.0 |   955
          D:14 |       0 |    8834 |   0.0 |       0 |      35 |   0.0 |   759
          D:15 |       0 |   23965 |   0.0 |       0 |      47 |   0.0 |  1312
        Lair:1 |       0 |    2503 |   0.0 |       0 |      10 |   0.0 |   800
        Lair:2 |       0 |    5827 |   0.0 |       0 |      21 |   0.0 |  1142
        Lair:3 |       0 |   10160 |   0.0 |       0 |      35 |   0.0 |  1251
        Lair:4 |       0 |    6148 |   0.0 |       0 |      39 |   0.0 |   853
        Lair:5 |       0 |   10875 |   0.0 |       0 |      32 |   0.0 |   978
        Lair:6 |       0 |   20297 |   0.0 |       0 |      57 |   0.0 |  1619
      Spider:1 |       0 |   16946 |   0.0 |       0 |      51 |   0.0 |  1064
      Spider:2 |       0 |   12758 |   0.0 |       0 |      44 |   0.0 |   808
      Spider:3 |       0 |    4978 |   0.0 |       0 |      11 |   0.0 |   117
         Orc:1 |       0 |    2367 |   0.0 |       0 |      34 |   0.0 |   480
         Orc:2 |       0 |   21112 |   0.0 |       0 |     138 |   0.0 |  2001
           Lab |       0 |    2256 |   0.0 |       0 |       4 |   0.0 |   213
       Ossuary |       0 |     207 |   0.0 |       0 |      21 |   0.0 |   243
               +---------+---------+-------+---------+---------+-------+---------
